 Dungeon Crawl Stone Soup version 0.18-a0-965-g9200175 (webtiles) character file.

7364 Duffy the Fighter (level 10, 0/88 HPs)
             Began as a Demigod Fire Elementalist on Jan 1, 2016.
             Slain by a wyvern (7 damage)
             ... on level 9 of the Dungeon.
             The game lasted 00:22:53 (12878 turns).

Duffy the Fighter (Demigod Fire Elementalist)      Turns: 12878, Time: 00:22:53

Health: 0/88       AC: 24    Str: 13    XL:     10   Next: 60%
Magic:  19/19      EV: 11    Int: 28    God:
Gold:   216        SH:  0    Dex: 21    Spells: 3 memorised, 9 levels left

rFire  . . .     SeeInvis .     k - +2 scimitar (flame)
rCold  . . .     Gourm    .     u - +10 chain mail "Esaw" {rElec rN+}
rNeg   + . .     Faith    .     (no shield)
rPois  .         Spirit   .     q - +2 helmet
rElec  +         Dismiss  .     (no cloak)
rCorr  +         Reflect  .     E - +2 pair of gloves
SustAt +         Harm     .     (no boots)
MR     +....                    H - amulet of resist corrosion
Stlth  ..........               (no ring)
                                h - ring of invisibility

@: brilliant, agile, very slightly contaminated, hasted, drained, very quick,
somewhat resistant to hostile enchantments, extremely unstealthy
A: high mp 1, sustain attributes
a: Evoke Invisibility


You were on level 9 of the Dungeon.
You were hungry.

You visited 1 branch of the dungeon, and saw 9 of its levels.

You collected 311 gold pieces.
You spent 95 gold pieces at shops.


Innate Abilities, Weirdness & Mutations

You have an increased reservoir of magic (+10% MP).
Your attributes are resistant to harm.


   Skills:
 - Level 8.2(7.9) Fighting
 + Level 7.6(7.4) Long Blades
 - Level 1.8(1.6) Dodging
 - Level 2.4(2.2) Stealth
 - Level 4.0(3.8) Spellcasting
 - Level 6.0(5.8) Conjurations
 - Level 6.0(5.7) Fire Magic
 - Level 5.0(4.7) Evocations


You had 9 spell levels left.
You knew the following spells:

 Your Spells              Type           Power        Failure   Level  Hunger
a - Flame Tongue          Conj/Fire      #####        3%          1    None
j - Sticky Flame          Conj/Fire      ######..     52%         4    ####...
l - Conjure Flame         Conj/Fire      ######..     16%         3    ##.....

Inventory:

Hand Weapons
 k - a +2 scimitar of flaming (weapon)
Missiles
 o - 16 poisoned needles
Armour
 q - a +2 helmet (worn)
 u - the +10 chain mail "Esaw" (worn) {rElec rN+}

   It insulates you from electricity.
   It protects you from negative energy.
 D - a +2 robe of cold resistance
 E - a +2 pair of gloves (worn)
Jewellery
 h - a ring of invisibility (left hand)
 H - an amulet of resist corrosion (around neck)
Scrolls
 g - 13 scrolls of remove curse
 i - 2 scrolls of blinking
 j - a scroll of summoning {unknown}
 r - a scroll of enchant armour
 s - 5 scrolls of teleportation
 w - 4 scrolls of immolation {unknown}
 y - a scroll of fog
 A - a scroll of fear
 C - a scroll of recharging {unknown}
Potions
 l - 2 potions of flight
 t - 2 potions of cure mutation
 v - 4 potions of curing
Books
 b - a book of Flames
 d - a Fen Folio
 I - the Papyrus of Displaced Weightlessness

   Spells                             Type                      Level
   a - Swiftness                      Charms/Air                   2
   b - Portal Projectile              Translocation                3
   c - Teleport Other                 Translocation                3
   d - Summon Lightning Spire         Summoning/Air                4
   e - Poisonous Cloud                Conjuration/Poison/Air       6
Comestibles
 c - 11 bread rations
 f - 6 meat rations
 p - 3 beef jerkies
 G - 7 slices of pizza

Dungeon Overview and Level Annotations

Branches:
Dungeon (9/15)             Temple (0/1) D:4
   Lair: D:8-11         Orc: D:9-12

Shops:
D:4 ?   D:8 }*((

Annotations:
D:3 Natasha
D:8 1 runed door


Message History

You aren't carrying any armour which can be enchanted further.
Unknown command.
Drink which item? (? for menu, Esc to quit)
You feel as though your hastened speed will last longer.
The wyvern bites you but does no damage.
The sky beast hits you but does no damage.
The jackal bites you but does no damage.
The hound closely misses you.
You closely miss the wight. The wyvern closely misses you.
The shadow imp shouts, "Scamper hence, thou dankish base-court lewdster!"
The gnoll hits you but does no damage. The jackal misses you.
The hound bites you but does no damage. The sky beast hits you.
The sky beast shocks you. You resist. The wyvern bites you.
The hound barely misses you.
The jackal bites you but does no damage.
The shadow imp picks up a beetle and eats it.
The wight hits you but does no damage.
The wyvern bites you but does no damage.
The gnoll hits you but does no damage. The hound bites you but does no damage.
The sky beast closely misses you.
The jackal bites you but does no damage.
The gnoll hits you but does no damage. You partially resist.
You feel drained.
The wyvern bites you but does no damage.
The gnoll hits you but does no damage. The hound misses you.
The wight barely misses you. The jackal closely misses you.
The sky beast flickers out of sight!
Deactivating autopickup; reactivate with Ctrl-A.
Something hits you but does no damage. The gnoll closely misses you.
The wyvern barely misses you.
The centaur shoots an arrow.
The hound bites you but does no damage.
The gnoll hits you with a whip of draining.
You partially resist.
You feel drained. The gnoll barely misses you.
The jackal bites you but does no damage.
The wyvern bites you!
You die...

........~~~~~~~...............##
.........~~~~~.........~.....##
.......$..~~~.........~~~....#
l..........~.....(...~~~~
...h......%........(;~~~~
.............~~~~
..............~~~
......zhh......~.
.....zz@{c.......
.....5gglK.......
.....g.zKK.......
.......o.........
.................
...............~.
..............;~~
.......<.....;~~~
.......?....~~~~


You could see a wyvern, a big kobold, a centaur, a hound, 3 electric eels, 4
wights, 3 gnolls, a shadow imp, an orc, a jackal and 2 kobolds.

Action                   |  1- 3 |  4- 6 |  7- 9 | 10-12 || total
-------------------------+-------+-------+-------+-------++-------
Melee: Unarmed           |       |       |     2 |       ||     2
       Scimitar          |       |       |    82 |   121 ||   203
 Cast: Flame Tongue      |    69 |   107 |   287 |    83 ||   546
       Sticky Flame      |       |     1 |    14 |     2 ||    17
       Conjure Flame     |       |     2 |    15 |     6 ||    23
 Abil: Evoke Invisibilit |     1 |       |     2 |       ||     3
       Turn Visible      |       |     1 |       |       ||     1
  Use: Scroll            |       |       |     6 |    10 ||    16
       Potion            |       |       |       |     6 ||     6
 Stab: Sleeping          |       |       |       |     2 ||     2
       Distracted        |       |       |       |     1 ||     1
  Eat: Chunk             |     3 |     7 |    19 |    10 ||    39
       Fruit             |       |       |     4 |       ||     4

Notes
Turn   | Place    | Note
--------------------------------------------------------------
     0 | D:1      | Duffy the Demigod Fire Elementalist began the quest for the Orb.
     0 | D:1      | Reached XP level 1. HP: 14/14 MP: 5/5
    30 | D:1      | Reached skill level 1 in Conjurations
   177 | D:1      | Reached skill level 2 in Spellcasting
   491 | D:1      | Reached XP level 2. HP: 20/20 MP: 4/7
   899 | D:2      | Noticed Sigmund
   909 | D:3      | Noticed Grinder
  1019 | D:4      | Found Maclut's Armour Emporium.
  1019 | D:4      | Noticed Yawgmoth's ghost (novice GrEE)
  1052 | D:3      | Reached skill level 2 in Conjurations
  1334 | D:3      | Reached XP level 3. HP: 22/26 MP: 2/9
  1339 | D:3      | Learned a level 3 spell: Conjure Flame
  1430 | D:3      | Noticed Natasha
  1867 | D:2      | Killed Sigmund
  1867 | D:2      | Reached skill level 3 in Spellcasting
  1867 | D:2      | Reached skill level 3 in Conjurations
  1867 | D:2      | Reached XP level 4. HP: 33/33 MP: 2/12
  1867 | D:2      | Reached XP level 5. HP: 38/38 MP: 2/13
  1965 | D:2      | Learned a level 4 spell: Sticky Flame
  2109 | D:2      | Reached skill level 3 in Fire Magic
  2541 | D:3      | Paralysed by Grinder for 7 turns
  2636 | D:3      | Killed Grinder
  2636 | D:3      | Reached skill level 4 in Conjurations
  2636 | D:3      | Reached skill level 4 in Fire Magic
  2636 | D:3      | Reached XP level 6. HP: 18/45 MP: 3/14
  3167 | D:3      | Found an oddly glowing altar of Pakellas.
  3326 | D:3      | Reached skill level 4 in Spellcasting
  3402 | D:3      | Noticed Robin
  3418 | D:3      | Killed Robin
  3530 | D:3      | Reached skill level 2 in Stealth
  4030 | D:4      | Got a slimy chain mail
  4062 | D:4      | Killed Yawgmoth's ghost
  4062 | D:4      | Reached XP level 7. HP: 50/50 MP: 1/16
  4168 | D:4      | Identified the +10 chain mail "Esaw" {rElec rN+} (You found it on level 4 of the Dungeon)
  4188 | D:4      | Reached skill level 5 in Fire Magic
  4232 | D:4      | Found a shadowy altar of Dithmenos.
  4355 | D:4      | Reached skill level 5 in Conjurations
  4600 | D:4      | Found Uhymuss's Magic Scroll Shoppe.
  4608 | D:4      | Bought a scroll of teleportation for 30 gold pieces
  4608 | D:4      | Bought a scroll of fog for 20 gold pieces
  4608 | D:4      | Bought a scroll of fear for 35 gold pieces
  4608 | D:4      | Bought a scroll of random uselessness for 10 gold pieces
  4943 | D:4      | Found a staircase to the Ecumenical Temple.
  5015 | D:5      | Entered Level 5 of the Dungeon
  5295 | D:5      | Noticed Eustachio
  5313 | D:5      | Killed Eustachio
  5313 | D:5      | Reached skill level 2 in Fighting
  5313 | D:5      | Reached XP level 8. HP: 48/61 MP: 7/17
  5767 | D:5      | Reached skill level 6 in Fire Magic
  5855 | D:5      | Reached skill level 6 in Conjurations
  5942 | D:5      | Reached skill level 1 in Evocations
  6280 | D:5      | Reached skill level 2 in Evocations
  6585 | D:6      | Found a sparkling altar of Nemelex Xobeh.
  6687 | D:6      | Reached skill level 3 in Evocations
  6797 | D:6      | Reached skill level 4 in Evocations
  7069 | D:6      | Found a glowing golden altar of the Shining One.
  7274 | D:6      | Found a glowing silver altar of Zin.
  7616 | D:6      | Reached skill level 5 in Evocations
  7697 | D:7      | Reached skill level 3 in Fighting
  7779 | D:7      | Noticed Pikel
  7808 | D:7      | Killed Pikel
  7808 | D:7      | Reached skill level 5 in Fighting
  7808 | D:7      | Reached XP level 9. HP: 66/74 MP: 1/18
  7825 | D:7      | Noticed Duvessa
  7935 | D:7      | Killed Duvessa
  7950 | D:7      | Killed Dowan
  8164 | D:8      | Noticed Erica
  8309 | D:8      | Killed Erica
  8309 | D:8      | Reached skill level 7 in Fighting
  8630 | D:6      | Reached skill level 1 in Long Blades
  9004 | D:7      | Reached skill level 2 in Long Blades
  9270 | D:7      | Noticed root's ghost (novice FoFi)
  9735 | D:7      | Found a stormy altar of Qazlal.
  9739 | D:7      | Found a basalt altar of Yredelemnul.
  9840 | D:7      | Reached skill level 8 in Fighting
 10275 | D:6      | Reached skill level 3 in Long Blades
 10275 | D:6      | Reached XP level 10. HP: 88/88 MP: 10/19
 10573 | D:8      | Found Zophusel's Weapon Shop.
 10588 | D:8      | Found a runed door.
 10592 | D:8      | Found a basalt altar of Yredelemnul.
 10719 | D:8      | Found Fukk's Gadget Shop.
 10792 | D:8      | Found a burning altar of Makhleb.
 10864 | D:8      | Found Lexzagg's Assorted Antiques.
 10955 | D:8      | Identified the Papyrus of Displaced Weightlessness (You found it on level 8 of the Dungeon)
 11031 | D:8      | Reached skill level 4 in Long Blades
 11147 | D:8      | Found Yckynix's Weapon Shop.
 11491 | D:7      | Found a white marble altar of Elyvilon.
 11622 | D:7      | Killed root's ghost
 11622 | D:7      | Reached skill level 5 in Long Blades
 11849 | D:7      | Reached skill level 6 in Long Blades
 12132 | D:7      | Reached skill level 7 in Long Blades
 12878 | D:9      | Slain by a wyvern

Vault maps used:
D:1:      dpeg_arrival_rooms_a
D:2:      uniq_sigmund
D:3:      nicolae_overflow_crystal_walls, first_bread, uniq_grinder, uniq_robin,
          uniq_natasha
D:4:      nicolae_dithmenos_the_darkroom, temple_hall, serial_shops, shop, shop
D:5:      chequers_ossuary_entry_cave, uniq_eustachio
D:6:      lemuel_crystal_altar, tso_oasis_becter, portal_sewer_entry_b,
          nemelex_lonely_heart_becter
D:7:      lemuel_round_altar, grunt_temple_overflow_open, serial_corexii_hall,
          corexii_hall_statues_i, corexii_hall_statues_x, minmay_crystal_room,
          grunt_livestock, lightli_orcish_oven, uniq_pikel, uniq_duvessa
D:8:      lemuel_doored_altar, serial_shops, shop, shop,
          nicolae_shop_overgrown_old_shop, shop, dk_yredelemnul_ordeal,
          uniq_erica
D:9:      orc_0_dummy, uniq_psyche

Vanquished Creatures
  Erica
  The ghost of root the Shield-Bearer, a novice FoFi of Pakellas Pikel
  The ghost of Yawgmoth the Digger, a novice GrEE Grinder Sigmund
  5 yaks Eustachio
  A human Duvessa
  3 hippogriffs
  4 slaves
  2 orc warriors
  2 phantoms
  4 sky beasts
  3 ogres
  4 centaurs
  A big kobold
  5 giant frogs
  A gnoll sergeant Dowan
  A scorpion
  12 killer bees
  9 wights
  2 crimson imps
  5 orc priests
  2 hounds
  3 giant frog skeletons
  5 orc wizards
  8 worker ants
  4 sheep
  2 hound zombies Robin
  11 gnolls
  13 adders
  3 shadow imps
  An adder skeleton
  8 worms
  8 giant geckos
  23 orcs
  2 ball pythons
  6 giant cockroaches
  7 goblins
  16 hobgoblins
  6 jackals
  5 quokkas
  4 bats
  5 giant newts
  A jackal zombie
  7 kobolds
  7 rats
231 creatures vanquished.
